 Dungeon Crawl Stone Soup version 0.28-a0-556-gab23d0e057 (webtiles) character file.

Game seed: 11902215372509369472

23 miscthings the Cudgeller (level 2, -2/28 HPs)
             Began as a Naga Cinder Acolyte on Sept 29, 2021.
             Was a High Priest of Ignis.
             Slain by a quokka (4 damage)
             ... on level 1 of the Dungeon.
             The game lasted 00:01:14 (752 turns).

miscthings the Cudgeller (Naga Cinder Acolyte)       Turns: 752, Time: 00:01:14

Health: -2/28      AC:  1    Str: 16    XL:     2   Next: 95%
Magic:  1/3        EV:  9    Int: 14    God:    Ignis [*****.]
Gold:   36         SH:  0    Dex:  6    Spells: 1/3 levels left

rFire   + . .      SeeInvis +   a - -1 mace (flame)
rCold   . . .      Faith    .   (no shield)
rNeg    . . .      Spirit   .   b - +0 robe
rPois   +          Reflect  .   (no helmet)
rElec   .          Harm     .   (no cloak)
rCorr   .          Rampage  .   (no gloves)
Will    .....                   (no barding)
Stlth   +.........              (no amulet)
HPRegen 0.09/turn               (no ring)
MPRegen 0.08/turn               (no ring)

@: short of breath, very slow
A: AC +0, large, see invisible, deformed body, poison resistance, slowness 2,
spit poison 1, naga tail 1
a: Spit Poison, Renounce Religion, Sea of Fire, Foxfire Swarm, Rising Flame


You were on level 1 of the Dungeon.
You worshipped Ignis.
Ignis was extremely pleased with you.
You visited 1 branch of the dungeon, and saw 1 of its levels.

You collected 36 gold pieces.

Inventory:

Hand Weapons
 a - a -1 mace of flaming (weapon)
Armour
 b - a +0 robe (worn)
Scrolls
 c - a scroll of teleportation {unknown}


   Skills:
 - Level 3.0 Fighting
 + Level 4.0 Maces & Flails
 - Level 1.0 Spellcasting
 - Level 3.0 Fire Magic


You had one spell level left.
You knew the following spells:

 Your Spells              Type           Power      Damage    Failure   Level
a - Scorch                Fire           18%        2d6       12%         2

Your spell library contained the following spells:

 Spells                   Type           Power      Damage    Failure   Level


Dungeon Overview and Level Annotations

Branches:
Dungeon (1/15)

Altars:


Innate Abilities, Weirdness & Mutations

Your serpentine skin is tough. (AC +0)
You have supernaturally acute eyesight. (SInv)
Armour fits poorly on your strangely shaped body.
Your system is resistant to poisons. (rPois)
You cover ground very slowly.
You can spit poison.
You have a snake-like lower body.


Message History

You start resting.
Magic restored.
Things that are here:
a +0 dagger; a +0 dagger of speed; a frilled lizard corpse A giant cockroach comes into view.
A giant cockroach is nearby!
Abil: Spit Poison
Press: ? - help, Q - select action, (/) - cycle Shift-Dir - straight line, f - giant cockroach
Aim: a giant cockroach The splash of poison hits the giant cockroach but does no damage.
The giant cockroach is poisoned.
A ball python and a quokka come into view.
The ball python hisses angrily.
You kill the giant cockroach!
You have got your breath back.
The ball python closely misses you.
You barely miss the ball python. The ball python bites you.
The quokka closely misses you. The ball python closely misses you.
Casting: Scorch (safe; 12% risk of failure)
Confirm with . or Enter, or press ? or * to list all spells.
Flames lash the ball python.
You kill the ball python!
The quokka barely misses you.
Abil: Spit Poison
Press: ? - help, Q - select action, (/) - cycle Shift-Dir - straight line, f - quokka
Aim: a quokka The splash of poison hits the quokka but does no damage.
The quokka is poisoned.
The quokka twitches its whiskers.
The quokka bites you. The quokka closely misses you.
You hit the quokka but do no damage.
The quokka is lightly wounded.
The quokka bites you.
* * * LOW HITPOINT WARNING * * *
You miss the quokka.
The quokka is lightly wounded.
The quokka bites you.
* * * LOW HITPOINT WARNING * * *
The quokka bites you.
You die...

#..#.#.####.#.#.##.#.......#
#......# #.###..##.......###
.....####.# ##.####.....##
.##### ##. #..###.........
.# ##. #...))...##... .#
#... #####.##.# ..# .#
#....#####..#... .. .#
#.......†...####.. ##
....8..@..8.# .
.#.....r........
#.....>....####
......?.....# .#..........#
............# ....8.....8.#
.............


You could see a quokka (poisoned).

Vanquished Creatures
  A dart slug (D:1)
  3 ball pythons (D:1)
  2 bats (D:1)
  A giant cockroach (D:1)
  3 goblins (D:1)
  2 hobgoblins (D:1)
  A quokka (D:1)
  3 frilled lizards (D:1)
  A kobold (D:1)
  3 rats (D:1)
20 creatures vanquished.

Notes
Turn   | Place    | Note
-------+----------+-------------------------------------------
     0 | D:1      | miscthings the Naga Cinder Acolyte began the quest for the
                  | Orb.
     0 | D:1      | Reached XP level 1. HP: 21/21 MP: 2/2
   415 | D:1      | Reached XP level 2. HP: 28/28 MP: 3/3
   422 | D:1      | Learned a level 2 spell: Scorch
   715 | D:1      | Reached skill level 4 in Maces & Flails
   752 | D:1      | Slain by a quokka

Illustrated notes

Levels and vault maps discovered:
D:1:      wheals_arrival_shading, layout_loops_cross, nrook_campfire,
          st_stairs_1

Skill      XL: |  1  2 |
---------------+-------+-----
Maces & Flails | 4 |  4.0
Fighting       | |  3.0
Spellcasting   | |  1.0
Fire Magic     | |  3.0

Action                   || total
-------------------------++-------
Melee: Mace              ||    37
 Cast: Scorch            ||     5
 Abil: Spit Poison       ||    12
Armor: Robe              ||     9
Dodge: Dodged            ||    26

Table legend: (Time is in decaauts)
 A = Elapsed time spent in this place.
 B = Non-inter-level travel time spent in this place.
 C = Inter-level travel time spent in this place.
 D = Time resting spent in this place.
 E = Time spent auto-exploring this place.
 F = Levels seen in this place.
 G = Mean time per level.
                   A        B        C        D        E       F      G
               +--------+--------+--------+--------+--------+-----+--------+
         Total |    883 |    883 |      0 |    380 |    357 |   1 |  883.0 |
       Dungeon |    883 |    883 |      0 |    380 |    357 |   1 |  883.0 |
               +--------+--------+--------+--------+--------+-----+--------+

Top non-repeatable levels by time:
     D:1: 883 daAuts
